ESL (28 & UNDER)
NEWARK BULLDOGS @ BUFFALO LIGHTSABRES
09/02/2025
 
TOP OF THE 1ST
Newark Bulldogs batting - Pitching for Buffalo LightSabres : RHP Nick Thompson
Pitching: RHP Nick Thompson
Batting: SHB Nick Marshall 0-0: Foul Ball, location: 2F
0-1: Swinging Strike
0-2: Strikes out looking
Batting: RHB Peter Sexton 0-0: Fly out, F9 (Flyball, 89M)
Batting: RHB Rob Bass 0-0: Ground out 6-3 (Groundball, 6M)
Top of the 1st over - 0 run(s), 0 hit(s), 0 error(s), 0 left on base; Newark 0 - Buffalo 0
BOTTOM OF THE 1ST
Buffalo LightSabres batting - Pitching for Newark Bulldogs : LHP Joseph Byrne
Pitching: LHP Joseph Byrne
Batting: LHB Lucas Coleman 0-0: Ball
1-0: Fly out, F8 (Flyball, 8LS)
Batting: LHB Juan Jose Pineda 0-0: Ball
1-0: Called Strike
1-1: Swinging Strike
1-2: Ball
2-2: Strikes out swinging
Batting: SHB Brian Price 0-0: Called Strike
0-1: Called Strike
0-2: Ball
1-2: SINGLE (Groundball, 6MD)
Batting: LHB Craig Kenney 0-0: Fly out, F6 (Line Drive, 6D)
Bottom of the 1st over - 0 run(s), 1 hit(s), 0 error(s), 1 left on base; Newark 0 - Buffalo 0
TOP OF THE 2ND
Newark Bulldogs batting - Pitching for Buffalo LightSabres : RHP Nick Thompson
Batting: LHB Lee Burton 0-0: Foul Ball, location: 2F
0-1: Foul Ball, location: 2F
0-2: Ball
1-2: SINGLE (Line Drive, 56D)
Batting: RHB Jonas Uttley 0-0: Hit by Pitch
Lee Burton to second
Batting: RHB Emílio Salas 0-0: Ground out U3 (Groundball, 3S)
Lee Burton to third
Jonas Uttley to second
Batting: RHB Larry Booth 0-0: Ball
1-0: Ball
2-0: Swinging Strike
2-1: Ball
3-1: Base on Balls
Batting: LHB Rocky Whitcomb 0-0: Ball
1-0: Foul Ball, location: 2F
1-1: Foul Ball, location: 2F
1-2: Strikes out swinging
Batting: RHB Carl Byrd 0-0: Called Strike
0-1: Foul Ball, location: 2F
0-2: Ball
1-2: Foul Ball, location: 2F
1-2: Fly out, F4 (Popup, 34D)
Top of the 2nd over - 0 run(s), 1 hit(s), 0 error(s), 3 left on base; Newark 0 - Buffalo 0
BOTTOM OF THE 2ND
Buffalo LightSabres batting - Pitching for Newark Bulldogs : LHP Joseph Byrne
Batting: RHB Robby Lewis 0-0: Ball
1-0: Called Strike
1-1: Ball
2-1: Swinging Strike
2-2: Strikes out swinging
Batting: RHB Naomi Kitamura 0-0: Swinging Strike
0-1: Ball
1-1: Swinging Strike
1-2: Strikes out swinging
Batting: RHB Francisco Gallegos 0-0: Foul Ball, location: 2F
0-1: Ball
1-1: Called Strike
1-2: Strikes out looking
Bottom of the 2nd over - 0 run(s), 0 hit(s), 0 error(s), 0 left on base; Newark 0 - Buffalo 0
TOP OF THE 3RD
Newark Bulldogs batting - Pitching for Buffalo LightSabres : RHP Nick Thompson
Batting: SHB Nick Marshall 0-0: Ball
1-0: Fly out, F8 (Flyball, 89M)
Batting: RHB Peter Sexton 0-0: SINGLE (Line Drive, 6MD)
Batting: RHB Rob Bass 0-0: Grounds into double play, 5-4-3 (Groundball, 56)
Top of the 3rd over - 0 run(s), 1 hit(s), 0 error(s), 0 left on base; Newark 0 - Buffalo 0
BOTTOM OF THE 3RD
Buffalo LightSabres batting - Pitching for Newark Bulldogs : LHP Joseph Byrne
Batting: RHB Merlin Morris 0-0: Foul Ball, location: 2F
0-1: Called Strike
0-2: Ball
1-2: Strikes out swinging
Batting: RHB Jorge Castillo 0-0: Ball
1-0: Ground out U3 (Groundball, 3S)
Batting: LHB Lucas Coleman 0-0: Called Strike
0-1: Swinging Strike
0-2: Ball
1-2: Ball
2-2: Strikes out swinging
Bottom of the 3rd over - 0 run(s), 0 hit(s), 0 error(s), 0 left on base; Newark 0 - Buffalo 0
TOP OF THE 4TH
Newark Bulldogs batting - Pitching for Buffalo LightSabres : RHP Nick Thompson
Batting: LHB Lee Burton 0-0: Ball
1-0: SOLO HOME RUN (Flyball, 78XD), Distance : 391 ft
Batting: RHB Jonas Uttley 0-0: Ball
1-0: Ball
2-0: Ground out 5-3 (Groundball, 56)
Batting: RHB Emílio Salas 0-0: DOUBLE (Line Drive, 78M)
Batting: RHB Larry Booth 0-0: Ball
1-0: Ball
2-0: Swinging Strike
2-1: Called Strike
2-2: Foul Ball, location: 2F
2-2: Strikes out looking
Batting: LHB Rocky Whitcomb 0-0: Foul Ball, location: 2F
0-1: Foul Ball, location: 2F
0-2: Ground out 1-3 (Groundball, 23)
Top of the 4th over - 1 run(s), 2 hit(s), 0 error(s), 1 left on base; Newark 1 - Buffalo 0
BOTTOM OF THE 4TH
Buffalo LightSabres batting - Pitching for Newark Bulldogs : LHP Joseph Byrne
Batting: LHB Juan Jose Pineda 0-0: Ball
1-0: Ball
Reached via error on a dropped throw, E3
Batting: SHB Brian Price 0-0: Ball
1-0: Called Strike
1-1: SINGLE (Groundball, 34D)
Juan Jose Pineda to second
Runner from 2nd tries for 3rd, SAFE, no throw or cutoff
Batting: LHB Craig Kenney 0-0: Called Strike
0-1: Swinging Strike
0-2: Ball
1-2: Ball
2-2: Ball
3-2: 3-RUN HOME RUN (Flyball, 8LD), Distance : 405 ft
Batting: RHB Robby Lewis 0-0: Called Strike
0-1: Foul Ball, location: 2F
0-2: Ball
1-2: Strikes out swinging wild pitch, reaches first!
Batting: RHB Naomi Kitamura 0-0: Ball
1-0: Ball
2-0: Foul Ball, location: 2F
2-1: Called Strike
2-2: Strikes out swinging
Batting: RHB Francisco Gallegos 0-0: Ball
1-0: Called Strike
1-1: Foul Ball, location: 2F
1-2: Foul Ball, location: 2F
1-2: Ball
2-2: SINGLE (Groundball, 56D)
Robby Lewis to second
Batting: RHB Merlin Morris 0-0: Grounds into double play, 6-4-3 (Groundball, 6M)
Bottom of the 4th over - 3 run(s), 3 hit(s), 1 error(s), 1 left on base; Newark 1 - Buffalo 3
TOP OF THE 5TH
Newark Bulldogs batting - Pitching for Buffalo LightSabres : RHP Nick Thompson
Batting: RHB Carl Byrd 0-0: Ball
1-0: Ground out 6-3 (Groundball, 6)
Batting: SHB Nick Marshall 0-0: Ball
1-0: Ball
2-0: Hit by Pitch
Batting: RHB Peter Sexton 0-0: Ball
Nick Marshall steals 2nd base
1-0: Ground out 4-3 (Groundball, 4M)
Nick Marshall to third
Batting: RHB Rob Bass 0-0: Fly out, F7 (Flyball, 7LD)
Top of the 5th over - 0 run(s), 0 hit(s), 0 error(s), 1 left on base; Newark 1 - Buffalo 3
BOTTOM OF THE 5TH
Buffalo LightSabres batting - Pitching for Newark Bulldogs : LHP Joseph Byrne
Batting: RHB Jorge Castillo 0-0: Called Strike
0-1: Ball
1-1: Ball
2-1: Ground out 5-3 (Groundball, 5L)
Batting: LHB Lucas Coleman 0-0: Ball
1-0: Called Strike
1-1: Ground out 4-3 (Groundball, 34)
Batting: LHB Juan Jose Pineda 0-0: Ground out 6-3 (Groundball, 6)
Bottom of the 5th over - 0 run(s), 0 hit(s), 0 error(s), 0 left on base; Newark 1 - Buffalo 3
TOP OF THE 6TH
Newark Bulldogs batting - Pitching for Buffalo LightSabres : RHP Nick Thompson
Batting: LHB Lee Burton 0-0: Ball
1-0: Ball
2-0: Ball
3-0: Called Strike
3-1: Swinging Strike
3-2: Base on Balls
Batting: RHB Jonas Uttley 0-0: Ball
1-0: Foul Ball, location: 2F
1-1: Ball
2-1: Ball
3-1: Foul Ball, location: 2F
3-2: Foul Ball, location: 2F
3-2: Foul Ball, location: 2F
3-2: SINGLE (Line Drive, 8LS)
Lee Burton to second
Batting: RHB Emílio Salas 0-0: Ball
1-0: Ball
2-0: Ball
3-0: Called Strike
3-1: Swinging Strike
3-2: Fly out, F9 (Popup, 34D)
Batting: RHB Larry Booth 0-0: Fly out, F7 (Line Drive, 78D)
Batting: LHB Rocky Whitcomb 0-0: Foul Ball, location: 2F
0-1: Ball
1-1: Ball
2-1: Swinging Strike
2-2: Ball
3-2: Base on Balls
Lee Burton to third
Jonas Uttley to second
Batting: RHB Carl Byrd 0-0: Fly out, F7 (Flyball, 78S)
Top of the 6th over - 0 run(s), 1 hit(s), 0 error(s), 3 left on base; Newark 1 - Buffalo 3
BOTTOM OF THE 6TH
Buffalo LightSabres batting - Pitching for Newark Bulldogs : LHP Joseph Byrne
Batting: SHB Brian Price 0-0: Swinging Strike
0-1: Foul Ball, location: 2F
0-2: Ball
1-2: Strikes out swinging
Batting: LHB Craig Kenney 0-0: Ball
1-0: Ball
2-0: Called Strike
2-1: Foul Ball, location: 2F
2-2: Fly out, F8 (Flyball, 8LM)
Batting: RHB Robby Lewis 0-0: Ball
1-0: SINGLE (Line Drive, 5D)
Batting: RHB Naomi Kitamura 0-0: Ball
1-0: Swinging Strike
1-1: Ball
2-1: Fly out, F5 (Popup, 5F)
Bottom of the 6th over - 0 run(s), 1 hit(s), 0 error(s), 1 left on base; Newark 1 - Buffalo 3
TOP OF THE 7TH
Newark Bulldogs batting - Pitching for Buffalo LightSabres : RHP Nick Thompson
Batting: SHB Nick Marshall 0-0: Called Strike
0-1: Foul Ball, location: 2F
0-2: Fly out, F6 (Popup, 6)
Batting: RHB Peter Sexton 0-0: Called Strike
0-1: Ball
1-1: SINGLE (Line Drive, 8RS)
Batting: RHB Rob Bass 0-0: Ball
Peter Sexton steals 2nd base
1-0: Hit by Pitch
Batting: LHB Lee Burton 0-0: Ball
1-0: Grounds into double play, U6-3 (Groundball, 6M)
Top of the 7th over - 0 run(s), 1 hit(s), 0 error(s), 1 left on base; Newark 1 - Buffalo 3
BOTTOM OF THE 7TH
Buffalo LightSabres batting - Pitching for Newark Bulldogs : LHP Joseph Byrne
Batting: RHB Francisco Gallegos 0-0: Ball
1-0: Ball
2-0: Ground out 6-3 (Groundball, 6)
Batting: RHB Merlin Morris 0-0: Ball
1-0: Foul Ball, location: 2F
1-1: Foul Ball, location: 2F
1-2: Ball
2-2: Fly out, F9 (Flyball, 9M)
Batting: RHB Jorge Castillo 0-0: Called Strike
0-1: Foul Ball, location: 2F
0-2: Ball
1-2: Foul Ball, location: 2F
1-2: SINGLE (Line Drive, 7LS)
Pitching: LHP Weston Harper
Batting: LHB Lucas Coleman 0-0: Called Strike
0-1: Ball
1-1: Ball
2-1: Ground out 5-3 (Groundball, 5S)
Bottom of the 7th over - 0 run(s), 1 hit(s), 0 error(s), 1 left on base; Newark 1 - Buffalo 3
TOP OF THE 8TH
Newark Bulldogs batting - Pitching for Buffalo LightSabres : RHP Nick Thompson
Now at C: Sixto Cortés
Now in LF: José Pérez
Batting: RHB Jonas Uttley 0-0: Ball
1-0: Called Strike
1-1: Foul Ball, location: 2F
1-2: Ball
2-2: SINGLE (Groundball, 34D)
Pitching: RHP Júlio Ruíz
Batting: RHB Emílio Salas 0-0: Grounds into double play, 4-6-3 (Groundball, 4)
Batting: RHB Larry Booth 0-0: Foul Ball, location: 2F
0-1: Swinging Strike
0-2: SINGLE (Groundball, 56S) (infield hit)
Pitching: RHP Pat Monroe
Batting: LHB Rocky Whitcomb 0-0: Foul Ball, location: 2F
0-1: Foul Ball, location: 2F
0-2: Strikes out swinging
Top of the 8th over - 0 run(s), 2 hit(s), 0 error(s), 1 left on base; Newark 1 - Buffalo 3
BOTTOM OF THE 8TH
Buffalo LightSabres batting - Pitching for Newark Bulldogs : LHP Weston Harper
Batting: LHB Juan Jose Pineda 0-0: Ball
1-0: SINGLE (Groundball, 13S) (infield hit)
Batting: SHB Brian Price 0-0: Called Strike
0-1: Swinging Strike
0-2: Ball
1-2: Ball
2-2: Foul Ball, location: 2F
2-2: Strikes out swinging
Batting: LHB Craig Kenney 0-0: Ball
1-0: Ball
2-0: Called Strike
2-1: Ball
3-1: Base on Balls
Juan Jose Pineda to second
Batting: RHB Robby Lewis 0-0: Called Strike
0-1: Foul Ball, location: 2F
0-2: Ball
1-2: Foul Ball, location: 2F
1-2: Strikes out swinging
Batting: RHB Naomi Kitamura 0-0: Ball
1-0: Called Strike
1-1: 3-RUN HOME RUN (Flyball, 7D), Distance : 394 ft
Batting: RHB Francisco Gallegos 0-0: Ball
1-0: Swinging Strike
1-1: Ball
2-1: Foul Ball, location: 2F
2-2: Strikes out swinging
Bottom of the 8th over - 3 run(s), 2 hit(s), 0 error(s), 0 left on base; Newark 1 - Buffalo 6
TOP OF THE 9TH
Newark Bulldogs batting - Pitching for Buffalo LightSabres : RHP Pat Monroe
Batting: RHB Carl Byrd 0-0: Ball
1-0: Called Strike
1-1: Ball
2-1: Swinging Strike
2-2: Ball
3-2: Strikes out swinging
Batting: SHB Nick Marshall 0-0: Ball
1-0: Called Strike
1-1: SINGLE (Groundball, 4MD)
Batting: RHB Peter Sexton 0-0: Ball
1-0: Ball
2-0: Foul Ball, location: 2F
2-1: Foul Ball, location: 2F
2-2: Foul Ball, location: 2F
2-2: Strikes out swinging
Batting: RHB Rob Bass 0-0: Called Strike
0-1: Fielders Choice at 2nd, U6 (Groundball, 6M)
Top of the 9th over - 0 run(s), 1 hit(s), 0 error(s), 1 left on base; Newark 1 - Buffalo 6
This league is powered by Out of the Park Baseball, the baseball management simulation game for PC, Mac and Linux
Tuesday, August 2nd, 2016 - OOTP Baseball 16.8 Build 38